 Dungeon Crawl Stone Soup version 0.28-a0-1213-g0243856f03 (webtiles) character file.

Game seed: 17257348934008650935

20997 leviel the Severer (level 12, -7/108 HPs)
             Began as a Hill Orc Fighter on Dec 22, 2021.
             Was an Elder of Qazlal.
             Killed by divine providence
             ... invoked by an orc priest
              (11 damage)
             ... on level 12 of the Dungeon.
             The game lasted 00:31:50 (15594 turns).

leviel the Severer (Hill Orc Fighter)              Turns: 15594, Time: 00:31:50

Health: -7/108     AC: 18    Str: 24    XL:     12   Next: 85%
Magic:  19/19      EV:  7    Int:  8    God:    Qazlal [****..]
Gold:   1191       SH: 10    Dex: 10    Spells: 11/11 levels left

rFire   . . .      SeeInvis .   a - +3 war axe
rCold   . . .      Faith    .   c - +0 buckler
rNeg    . . .      Spirit   .   q - +0 plate armour
rPois   .          Reflect  .   (no helmet)
rElec   .          Harm     .   (no cloak)
rCorr   .          Rampage  .   (no gloves)
Will    .....                   (no boots)
Stlth   ..........              (no amulet)
HPRegen 0.28/turn               g - +4 ring of protection
MPRegen 0.16/turn               j - ring of flight

@: flying, repel missiles
A: no striking features
a: Renounce Religion, Convert to Beogh, Upheaval, Elemental Force


You were on level 12 of the Dungeon.
You worshipped Qazlal.
Qazlal was greatly pleased with you.
You visited 1 branch of the dungeon, and saw 12 of its levels.

You collected 2482 gold pieces.
You spent 1291 gold pieces at shops.

Inventory:

Hand Weapons
 a - a +3 war axe (weapon)
 l - a +0 broad axe
Missiles
 x - 3 throwing nets
Armour
 c - a +0 buckler (worn)
 q - a +0 plate armour (worn)
Jewellery
 g - a +4 ring of protection (left hand)
 j - a ring of flight (right hand)
 k - a ring of resist corrosion
 B - a ring of ice {rC+ rF-}
Wands
 b - a wand of paralysis (15)
 f - a wand of polymorph (9)
 n - a wand of charming (5)
 t - a wand of mindburst (17)
 u - a wand of flame (12)
 y - a wand of acid (7)
 z - a wand of iceblast (14) (quivered)
Scrolls
 e - 6 scrolls of identify {@r1}
 A - 2 scrolls of enchant armour {@r2}
Potions
 d - a potion of attraction {unknown}
 h - 3 potions of flight
 i - 2 potions of degeneration
 m - a potion of lignification
 o - 2 potions of curing
 r - 2 potions of magic
 v - a potion of mutation {unknown}
 w - a potion of cancellation {unknown}


   Skills:
 - Level 10.9 Fighting
 + Level 17.5 Axes
 - Level 9.9 Armour
 - Level 5.5 Shields
 - Level 10.0 Invocations
 - Level 8.3 Evocations


You had 11 spell levels left.
You didn't know any spells.
Your spell library contained the following spells:

 Spells                   Type           Power      Damage    Failure   Level
 Magic Dart               Conj           0%         1d3       99%         1
 Slow                     Hex            0%         N/A       99%         1
 Sting                    Tmut/Pois      0%         1d3       99%         1
 Call Imp                 Summ           0%         N/A       100%        2
 Poisonous Vapours        Pois/Air       0%         N/A       100%        2
 Confusing Touch          Hex            0%         N/A       100%        3
 Frozen Ramparts          Ice            0%         1d2       100%        3
 Mephitic Cloud           Conj/Pois/Air  0%         N/A       100%        3
 Vampiric Draining        Necr           0%         2d6       100%        3
 Ice Form                 Ice/Tmut       0%         N/A       100%        4
 Olgreb's Toxic Radiance  Pois           0%         N/A       100%        4
 Summon Ice Beast         Ice/Summ       0%         N/A       100%        4
 Summon Lightning Spire   Summ/Air       0%         N/A       100%        4
 Alistair's Intoxication  Tmut/Pois      0%         N/A       100%        5
 Borgnjor's Vile Clutch   Necr/Erth      0%         N/A       100%        5
 Freezing Cloud           Conj/Ice/Air   0%         6-21      100%        5
 Eringya's Noxious Bog    Tmut/Pois      0%         N/A       100%        6
 Simulacrum               Ice/Necr       0%         N/A       100%        6
 Storm Form               Tmut/Air       0%         N/A       100%        7
 Maxwell's Capacitive Co  Air            0%         ∞         100%        8
 Polar Vortex             Ice            0%         N/A       100%        9


Dungeon Overview and Level Annotations

Branches:
Dungeon (12/15)            Temple (0/1) D:4            Lair (0/6) D:8
    Orc (0/2) D:12

Altars:
Qazlal
Trog
Xom

Shops:
D:2 (*?*?   D:4 :   D:9 =

Annotations:
D:3 2 runed translucent doors, Bediveer's ghost, amateur MiFi


Message History

The orc priest hits you but does no damage.
The orc is engulfed in freezing vapours.
You kill the orc!
Qazlal accepts your kill.
The orc priest calls upon Beogh to heal the orc priest.
The orc priest is healed somewhat.
The warg bites you but does no damage.
The orc warrior hits you with a +0 mace!
* * * LOW HITPOINT WARNING * * *
The orc hits you but does no damage.
Aiming: Upheaval
Press: ? - help, Dir - move target
Okay, then.
Okay, then.
You feel better.
The orc priest invokes the aid of Beogh against you.
Beogh smites you!
* * * LOW HITPOINT WARNING * * *
The orc barely misses you. You block the orc priest's attack.
You block the warg's attack.
The human is engulfed in freezing vapours.
You block the human's attack.
The orc priest calls upon Beogh to heal the orc priest.
The orc priest's wounds heal themselves!
A gargoyle comes into view. It is wielding a +0 dire flail.
You feel better.
The orc priest shouts, "Beogh is our master!
Accept the truth or die!"
The orc priest calls down the wrath of Beogh upon you.
Beogh smites you!
* * * LOW HITPOINT WARNING * * *
You block the warg's attack. The orc hits you with a +0 dagger.
* * * LOW HITPOINT WARNING * * *
The orc priest hits you with a +0 hand axe.
* * * LOW HITPOINT WARNING * * *
The human is engulfed in freezing vapours.
The human hits you but does no damage.
An orc wizard comes into view. It is wielding a +0 dagger.
The purple ugly thing tail-slaps you but does no damage.
The orc priest invokes the aid of Beogh against you.
Beogh smites you!
You die...

..... ...##.. ....
#.........
....##.........
..............
............. #.
#...........
#...##...§○..C..9
#.......°○o.....o
#.#......oo@ooo....
.#....##ouhp....##
.....##.oo.....).
#....§D..........
##..§§§/.##......
##§§§§§§.##....##
#§.§§§§§§......#
#.§§§.§§........
#§§#########


You could see a ten-headed hydra, a purple ugly thing, a cyclops, a human, a
warg, an orc warrior, a gargoyle, 5 orc priests, an orc wizard and 3 orcs.

Vanquished Creatures
  Fannar (D:10)
  Harold (D:9)
  Erica (D:8)
  3 two-headed ogres
  Pikel (D:8)
  A deep elf pyromancer (D:12)
  Maurice (D:10)
  A gargoyle (D:10)
  2 kobold demonologists (D:10)
  A komodo dragon (D:8)
  A polar bear (D:11)
  A troll (shapeshifter) (D:10)
  5 trolls
  3 vampires
  A wraith (D:7)
  3 wyverns
  A steam dragon (D:7)
  2 vampire mosquitoes (D:10)
  10 yaks (D:10)
  3 water moccasins (D:8)
  An acid dragon (D:12)
  3 black bears
  7 orc warriors
  A sky beast (D:8)
  6 ice beasts
  5 ogres
  2 centaurs
  4 lemures (D:8)
  2 phantoms
  4 kobold brigands
  9 bullfrogs
  2 scorpions
  A water moccasin skeleton (D:5)
  15 killer bees
  9 wights
  2 howler monkeys (D:9)
  3 bullfrog zombies
  5 centaur zombies
  3 hounds
  2 orc priests (D:9)
  A centaur skeleton (D:4)
  2 bullfrog skeletons
  Ijyb (D:3)
  4 iguanas
  17 orc wizards
  A killer bee zombie (D:7)
  A hound skeleton (D:5)
  4 gnolls
  3 adders
  4 white imps
  An ufetubus (D:6)
  A worm (D:2)
  A dart slug (D:1)
  41 orcs
  8 ball pythons
  6 bats
  6 endoplasms
  2 giant cockroaches
  15 goblins
  4 hobgoblins
  4 jackals
  2 quokkas
  2 frilled lizards
  16 kobolds
  7 rats
283 creatures vanquished.

Vanquished Creatures (collateral kills)
  Erolcha (D:11)
  A hydra (D:11)
  A two-headed ogre (D:9)
  A polar bear (D:11)
  An orc warrior (D:10)
  A gnoll shaman (D:4)
  2 orc wizards
  A gnoll (D:4)
  4 orcs
13 creatures vanquished.

Vanquished Creatures (others)
  A gnoll (D:4)
  10 fungi (D:8)
  19 plants
30 creatures vanquished.

Grand Total: 326 creatures vanquished

Notes
Turn   | Place    | Note
-------+----------+-------------------------------------------
     0 | D:1      | leviel the Hill Orc Fighter began the quest for the Orb.
     0 | D:1      | Reached XP level 1. HP: 19/19 MP: 1/1
    48 | D:1      | Reached XP level 2. HP: 27/27 MP: 2/2
    57 | D:1      | Reached skill level 3 in Axes
   421 | D:1      | Reached XP level 3. HP: 31/33 MP: 3/3
   794 | D:2      | Found a faded altar of an unknown god.
   815 | D:2      | Prayed at the altar of an unknown god.
   815 | D:2      | Became a worshipper of Qazlal Stormbringer
   815 | D:2      | Reached * piety under Qazlal
   918 | D:2      | Found Amub's Antique Weapon Shoppe.
   925 | D:2      | Found Lushrymn's Assorted Antiques.
   967 | D:2      | Found Laibamed's Magic Scroll Shoppe.
  1069 | D:2      | Found Zewuklir's Magic Scroll Shoppe.
  1074 | D:2      | Found Idgheok's General Store.
  1080 | D:2      | Bought a scroll of identify for 20 gold pieces
  1644 | D:3      | Reached XP level 4. HP: 40/40 MP: 4/4
  1713 | D:3      | Noticed Ijyb
  1722 | D:3      | Killed Ijyb
  2138 | D:3      | Found a runed translucent door.
  2140 | D:3      | Noticed Bediveer's ghost (amateur MiFi)
  2204 | D:3      | Found a runed translucent door.
  2267 | D:4      | Reached XP level 5. HP: 40/47 MP: 5/5
  2292 | D:4      | Noticed an ogre
  2299 | D:4      | Killed an ogre
  2300 | D:4      | Reached skill level 4 in Axes
  2300 | D:4      | Reached skill level 1 in Invocations
  2300 | D:4      | Reached skill level 1 in Evocations
  2325 | D:4      | Noticed a phantom
  2335 | D:4      | Killed a phantom
  2336 | D:4      | Reached XP level 6. HP: 34/55 MP: 7/7
  2489 | D:4      | Reached ** piety under Qazlal
  2641 | D:4      | Reached skill level 5 in Fighting
  2961 | D:4      | Found Kettiv's Book Shoppe.
  2980 | D:4      | Reached XP level 7. HP: 58/61 MP: 8/8
  3031 | D:4      | Found a staircase to the Ecumenical Temple.
  3300 | D:5      | Entered Level 5 of the Dungeon
  3311 | D:5      | Reached skill level 5 in Axes
  3311 | D:5      | Reached skill level 5 in Shields
  3429 | D:4      | Identified a scroll of acquirement
  3429 | D:4      | Acquired 306 gold pieces
  3504 | D:5      | Reached skill level 5 in Armour
  4031 | D:5      | Reached *** piety under Qazlal
  4032 | D:5      | Reached XP level 8. HP: 60/70 MP: 10/10
  4544 | D:6      | Reached skill level 6 in Axes
  5148 | D:5      | Reached skill level 9 in Axes
  5148 | D:5      | Reached XP level 9. HP: 83/83 MP: 11/15
  5838 | D:7      | Reached XP level 10. HP: 76/91 MP: 16/16
  6520 | D:7      | Reached skill level 10 in Axes
  7604 | D:8      | Noticed Pikel
  7616 | D:8      | Paralysed by Pikel for 3 turns
  7623 | D:8      | Killed Pikel
  7782 | D:8      | Reached **** piety under Qazlal
  8276 | D:8      | Reached skill level 10 in Fighting
  8658 | D:8      | Found a staircase to the Lair.
  8667 | D:8      | Noticed Erica
  8675 | D:8      | Paralysed by something for 2 turns
  8685 | D:8      | Paralysed by something for 6 turns
  8691 | D:8      | Killed Erica
  8692 | D:8      | Reached XP level 11. HP: 36/99 MP: 18/18
  9063 | D:8      | Reached skill level 10 in Invocations
  9077 | D:8      | Found a shimmering altar of Xom.
  9160 | D:9      | Found Vass's Jewellery Boutique.
  9302 | D:9      | Noticed a two-headed ogre
  9317 | D:9      | Killed a two-headed ogre
  9319 | D:9      | Noticed Harold
  9326 | D:9      | Killed Harold
  9327 | D:9      | Reached skill level 11 in Axes
 10019 | D:2      | Bought a scroll of acquirement for 520 gold pieces
 10019 | D:2      | Bought a scroll of enchant armour for 75 gold pieces
 10019 | D:2      | Acquired 783 gold pieces
 10048 | D:2      | Bought a scroll of acquirement for 676 gold pieces
 10048 | D:2      | Acquired 590 gold pieces
 10529 | D:10     | Entered Level 10 of the Dungeon
 10529 | D:10     | Noticed Maurice
 10538 | D:10     | Killed Maurice
 10588 | D:10     | Noticed a two-headed ogre
 10941 | D:11     | Noticed an eight-headed hydra
 10957 | D:11     | Killed an eight-headed hydra
 10994 | D:10     | Killed a two-headed ogre
 10995 | D:10     | Reached skill level 12 in Axes
 11518 | D:10     | Noticed Fannar
 11529 | D:10     | Killed Fannar
 11533 | D:10     | Reached skill level 13 in Axes
 12341 | D:10     | Reached XP level 12. HP: 104/108 MP: 19/19
 12554 | D:10     | Reached skill level 14 in Axes
 13246 | D:10     | Noticed a two-headed ogre
 13254 | D:10     | Killed a two-headed ogre
 13255 | D:10     | Reached skill level 15 in Axes
 14387 | D:11     | Reached skill level 16 in Axes
 14708 | D:11     | Noticed Erolcha
 14735 | D:11     | Killed Erolcha
 14981 | D:11     | Found a bloodstained altar of Trog.
 15223 | D:11     | Noticed a two-headed ogre
 15232 | D:11     | Killed a two-headed ogre
 15233 | D:11     | Reached skill level 17 in Axes
 15553 | D:12     | Noticed a five-headed hydra
 15589 | D:12     | Found a staircase to the Orcish Mines.
 15594 | D:12     | HP: 4/108 [orc priest (3)]
 15594 | D:12     | Killed from afar by an orc priest

Illustrated notes

Levels and vault maps discovered:
D:1:      sevenhm_arrival_forest_fort_small_6, layout_basic
D:2:      layout_basic, hellmonk_ecumenical_altar_pennies_from_heaven,
          serial_shops, nicolae_shop_hallway_plus, shop,
          nicolae_shop_overgrown_old_shop, nicolae_shop_advertising_works
          [nicolae_subvault_shop_adworks], nicolae_diamond_shop
D:3:      layout_loops_ring, ebering_ghost_sewer_f, uniq_ijyb
D:4:      layout_rooms, minmay_temple_entry_glass, serial_shops, shop,
          kennysheep_opposing_triangles
D:5:      corexii_shack_village, layout_basic
D:6:      lemuel_ice_spiral_2, layout_basic, minmay_circle_x
D:7:      minmay_recursive_quarters, layout_cave_pods
D:8:      layout_rooms, tgw_xom, due_lair_maze_entry_diamond, uniq_pikel,
          uniq_erica
D:9:      layout_irregular_city, serial_shops, nicolae_take_the_stairs,
          uniq_harold
D:10:     minmay_bubble_buster, layout_gridville, amcnicky_mini_pool_small,
          dk_noncrumbling_3, chequers_serial_rivers_large_a,
          kennysheep_generic_room_6, uniq_maurice, uniq_fannar
D:11:     layout_rooms, lightli_bailey_entry_fortress, trog_ov_bears_minmay,
          uniq_erolcha
D:12:     layout_loops_ring, erik_orc_4,
          portal_ice_cave_entry_animals_and_master, uniq_nessos, uniq_sonja

Skill      XL: |  1  2  3  4  5  6  7  8  9 10 11 12 |
---------------+-------------------------------------+-----
Axes           | 3 4 5 9 10 13 17 | 17.5
Fighting       | 4 5 9 10 | 10.9
Armour         | 4 5 8 9 |  9.9
Shields        | 4 5 |  5.5
Invocations    | 1 2 3 8 9 10 | 10.0
Evocations     | 1 2 6 7 8 |  8.3

Action                   |  1- 3 |  4- 6 |  7- 9 | 10-12 || total
-------------------------+-------+-------+-------+-------++-------
Melee: War axe           |   116 |    45 |   105 |   435 ||   701
       Broad axe         |       |       |   105 |   251 ||   356
Invok: Elemental Force   |       |       |       |     6 ||     6
       Upheaval          |       |       |       |     1 ||     1
Evoke: Wand              |       |    10 |       |     3 ||    13
  Use: Potion            |       |     1 |     1 |     9 ||    11
       Scroll            |       |       |    19 |    15 ||    34
 Stab: Invisible         |       |       |       |     6 ||     6
       Paralysed         |       |       |       |     2 ||     2
Armor: Scale mail        |    60 |    23 |   105 |    25 ||   213
       Plate armour      |       |       |       |   408 ||   408
Dodge: Dodged            |    43 |    21 |    64 |   231 ||   359
Block: Buckler           |    35 |    15 |    83 |   396 ||   529

Table legend: (Time is in decaauts)
 A = Elapsed time spent in this place.
 B = Non-inter-level travel time spent in this place.
 C = Inter-level travel time spent in this place.
 D = Time resting spent in this place.
 E = Time spent auto-exploring this place.
 F = Levels seen in this place.
 G = Mean time per level.
                   A        B        C        D        E       F      G
               +--------+--------+--------+--------+--------+-----+--------+
         Total |  15648 |  14759 |    889 |   3748 |   8671 |  12 | 1304.0 |
       Dungeon |  15648 |  14759 |    889 |   3748 |   8671 |  12 | 1304.0 |
               +--------+--------+--------+--------+--------+-----+--------+

Top non-repeatable levels by time:
    D:10: 2614 daAuts
     D:7: 2204 daAuts
     D:9: 1609 daAuts
    D:11: 1594 daAuts
     D:8: 1397 daAuts
     D:6: 1338 daAuts
     D:4: 1283 daAuts
     D:5: 1079 daAuts
     D:3: 930 daAuts
     D:1: 799 daAuts
     D:2: 747 daAuts
    D:12: 47 daAuts
